 Dungeon Crawl Stone Soup version 0.28-a0-1594-ga885d4b3d6 (webtiles) character file.

Game seed: 4507316056911775513

13410 grumblor the Fighter (level 11, -1/89 HPs)
             Began as a Mummy Fighter on Jan 21, 2022.
             Was an Initiate of Gozag.
             Slain by a death knight (23 damage)
             ... on level 11 of the Dungeon.
             The game lasted 00:39:27 (15107 turns).

grumblor the Fighter (Mummy Fighter)               Turns: 15107, Time: 00:39:28

Health: -1/89      AC: 17    Str: 30    XL:     11   Next: 75%
Magic:  11/11      EV:  7    Int:  8    God:    Gozag
Gold:   2681       SH: 17    Dex: 11    Spells: 10/10 levels left

rFire   + + .      SeeInvis .   n - +1 hand axe (elec)
rCold   + + .      Faith    .   y - +3 tower shield {rF+}
rNeg    + + +      Spirit   .   k - +2 chain mail {rF+}
rPois   ∞          Reflect  .   e - +0 helmet
rElec   .          Harm     .   p - +0 cloak
rCorr   .          Rampage  .   o - +0 pair of gloves of Contentment {+Blink rPois rF+ Str+6}
Will    +....                   (no boots)
Stlth   ..........              f - amulet of regeneration
HPRegen 1.04/turn               i - ring of protection from cold
MPRegen 0.12/turn               (no ring)

@: no status effects
A: cold resistance 1, negative energy resistance 3, torment resistance 2, heat
vulnerability 1, no potions
a: Renounce Religion, Evoke Blink, Potion Petition, Call Merchant, Bribe Branch


You were on level 11 of the Dungeon.
You worshipped Gozag.
Gozag was most pleased with you.
You visited 1 branch of the dungeon, and saw 12 of its levels.
You also visited: Sewer and Ossuary.

You collected 3202 gold pieces.
You spent 507 gold pieces at shops.
You paid 14 gold pieces to Gozag.

Inventory:

Hand Weapons
 n - a +1 hand axe of electrocution (weapon)
 t - a +3 war axe
 u - a +2 long sword of flaming
Missiles
 g - 5 curare-tipped darts
 w - 39 poisoned darts (quivered)
 z - 9 boomerangs
Armour
 e - a +0 helmet (worn)
 k - a +2 chain mail of fire resistance (worn)
 o - the +0 pair of gloves of Contentment (worn) {+Blink rPois rF+ Str+6}
   (You bought it in a shop on level 5 of the Dungeon)

   Str:       It affects your strength (+6).
   rF:        It protects you from fire.
   rPois:     It protects you from poison.
   +Blink:    It lets you blink.
 p - a +0 cloak (worn)
 y - a +3 tower shield of fire resistance (worn)
Jewellery
 f - an amulet of regeneration (around neck)
 h - an amulet of reflection
 i - a ring of protection from cold (left hand)
 r - the ring of Wonder {rPois rN+ Will+ Stlth+}
   (You found it on level 5 of the Dungeon)

   [ring of willpower]

   rPois:     It protects you from poison.
   rN:        It protects you from negative energy.
   Will:      It increases your willpower.
   Stlth:     It makes you more stealthy.
Wands
 c - a wand of digging (19)
 q - a wand of charming (27)
 v - a wand of iceblast (9)
Scrolls
 b - 4 scrolls of fear
 d - 2 scrolls of blinking
 j - a scroll of enchant weapon
 l - 3 scrolls of silence
 m - 3 scrolls of magic mapping
 s - 2 scrolls of fog
 x - 7 scrolls of teleportation
 A - 2 scrolls of identify


   Skills:
 * Level 9.2 Fighting
 * Level 6.4 Axes
 - Level 2.0 Throwing
 * Level 8.4 Armour
 * Level 3.0 Dodging
 * Level 8.3 Shields
 * Level 4.9 Evocations


You had 10 spell levels left.
You didn't know any spells.
Your spell library contained the following spells:

 Spells                   Type           Power      Damage    Failure   Level
 Blink                    Tloc           0%         N/A       100%        2
 Ensorcelled Hibernation  Hex/Ice        0%         N/A       100%        2
 Mephitic Cloud           Conj/Pois/Air  0%         N/A       100%        3
 Swiftness                Air            0%         N/A       100%        3
 Anguish                  Hex/Necr       0%         N/A       100%        4
 Animate Armour           Summ/Erth      0%         N/A       100%        4
 Passage of Golubria      Tloc           0%         N/A       100%        4
 Freezing Cloud           Conj/Ice/Air   0%         6-21      100%        5
 Manifold Assault         Tloc           0%         N/A       100%        5
 Silence                  Hex/Air        0%         N/A       100%        5
 Iron Shot                Conj/Erth      0%         9d1       100%        6
 Simulacrum               Ice/Necr       0%         N/A       100%        6
 Lehudib's Crystal Spear  Conj/Erth      0%         10d2      100%        8
 Spider Form              Tmut/Pois      Unusable   N/A       N/A         3
 Blade Hands              Tmut           Unusable   N/A       N/A         5
 Storm Form               Tmut/Air       Unusable   N/A       N/A         7

Dungeon Overview and Level Annotations

Branches:
Dungeon (12/15)            Temple (0/1) D:6            Lair (0/6) D:9
    Orc (0/2) D:12          Sewer (visited)         Ossuary (visited)

Altars:
Cheibriados
Gozag
Kikubaaqudgha
Makhleb
Okawaru
Trog
Uskayaw
Vehumet
Wu Jian
Yredelemnul

Shops:
D:1 [   D:5 [


Innate Abilities, Weirdness & Mutations

You are immune to poison.
Your flesh is cold resistant. (rC+)
You are immune to negative energy. (rN+++)
You are immune to unholy pain and torment.
You are vulnerable to heat. (rF-)
You do not drink.


Message History

The death knight reflects your damage back at you!
The death knight reflects your damage back at you!
The death knight's dark mirror aura disappears.
The death knight reflects your damage back at you!
There is an open door here.
The death knight looks more healthy.
Throw: 43 darts (poison)
Press: ? - help, Q - select action, (/) - cycle Shift-Dir - straight line, f - death knight
Aim: a death knight, wielding a +0 glaive and wearing a +0 chain mail (heavily wounded, 62% to hit)
You throw a poisoned dart.
The poisoned dart hits the death knight.
The death knight is poisoned.
The death knight is heavily wounded.
You block the death knight's attack.
Throw: 42 darts (poison)
Press: ? - help, Q - select action, (/) - cycle Shift-Dir - straight line, f/p - death knight
Aim: a death knight, wielding a +0 glaive and wearing a +0 chain mail (heavily wounded, poisoned, 62% to hit)
You throw a poisoned dart.
The poisoned dart hits the death knight.
The death knight looks even sicker.
The death knight is heavily wounded.
The death knight hits you from afar with a +0 glaive!!
* * * LOW HITPOINT WARNING * * *
There is an open door here.
Throw: 41 darts (poison)
Press: ? - help, Q - select action, (/) - cycle Shift-Dir - straight line, f/p - death knight
Aim: a death knight, wielding a +0 glaive and wearing a +0 chain mail (heavily wounded, poisoned, 62% to hit)
You throw a poisoned dart.
The poisoned dart closely misses the death knight.
The death knight hits you from afar with a +0 glaive!
* * * LOW HITPOINT WARNING * * *
Throw: 40 darts (poison)
Press: ? - help, Q - select action, (/) - cycle Shift-Dir - straight line, f/p - death knight
Aim: a death knight, wielding a +0 glaive and wearing a +0 chain mail (heavily wounded, poisoned, 62% to hit)
You throw a poisoned dart.
The poisoned dart barely misses the death knight.
The death knight looks more healthy.
The death knight hits you from afar with a +0 glaive!!
You die...
Your body crumbles into a pile of gold.

............# ###..........#.'.
............# #..........###.
########.#### #######'#### ##
##.p....# ###...# #..######
#...### ##'######### ####'#######
#..........# ###..........# ##
#..........# #.'..........# #.
#....(.....# ###@#..........# #.
#..........# #...#.........[####.
#......(...###p###.........['.##.
#.(..(.....'.(.# #.........[#.##.
#..........##### #..........#....
#.)........# #.!........####.
#...<......# ############ ##
############


You could see a death knight.

Vanquished Creatures
  A hydra (D:11)
  2 two-headed ogres
  A skeletal warrior (D:11)
  An ugly thing (D:11)
  A cyclops (D:11)
  2 gargoyles
  2 freezing wraiths (D:11)
  A troll (D:9)
  3 hornets
  3 slime creatures (D:11)
  2 shadows (D:10)
  A vampire (D:11)
  5 yaks (D:11)
  2 basilisks (D:11)
  2 vampire mosquitoes (D:12)
  Duvessa (D:4)
  2 water moccasins
  11 orc warriors
  2 ice beasts
  A black bear (D:5)
  An ogre (D:6)
  2 wolves (D:9)
  2 centaurs
  Blork the orc (D:6)
  A phantom (D:4)
  5 kobold brigands
  2 bullfrogs
  A wyvern zombie (D:6)
  A water moccasin zombie (D:5)
  Dowan (D:4)
  8 killer bees
  3 electric eels
  9 wights
  A bullfrog zombie (D:5)
  5 centaur zombies
  10 orc priests
  A jelly (D:6)
  2 bullfrog skeletons
  2 gnoll shamans
  7 hounds
  16 orc wizards
  Natasha (D:3)
  A killer bee zombie (D:8)
  8 mummies (Ossuary)
  13 gnolls
  11 adders
  5 river rats (Sewer)
  2 shadow imps
  An adder skeleton (D:4)
  3 worms
  A dart slug (D:3)
  37 orcs
  2 bats
  5 endoplasms
  A giant cockroach (D:2)
  2 gnoll zombies (Ossuary)
  41 goblins
  43 hobgoblins
  6 jackals
  4 quokkas
  13 ball pythons
  4 frilled lizards
  3 hobgoblin zombies (Ossuary)
  38 kobolds
  3 kobold zombies (Ossuary)
  10 rats
385 creatures vanquished.

Vanquished Creatures (others)
  11 plants (Sewer)
11 creatures vanquished.

Grand Total: 396 creatures vanquished

Notes
Turn   | Place    | Note
-------+----------+-------------------------------------------
     0 | D:1      | grumblor the Mummy Fighter began the quest for the Orb.
     0 | D:1      | Reached XP level 1. HP: 18/18 MP: 1/1
   300 | D:1      | Found Zamot's Antique Armour Boutique.
   473 | D:1      | Reached XP level 2. HP: 24/24 MP: 2/2
   675 | D:1      | Found a faded altar of an unknown god.
  1010 | D:2      | Reached XP level 3. HP: 27/30 MP: 3/3
  1086 | D:2      | Reached skill level 1 in Dodging
  1126 | D:2      | Reached skill level 4 in Fighting
  1164 | D:2      | Reached XP level 4. HP: 34/37 MP: 4/4
  1340 | D:2      | Found an opulent altar of Gozag.
  1350 | D:2      | Became a worshipper of Gozag Ym Sagoz the Greedy
  1684 | D:3      | Noticed Natasha
  1690 | D:3      | Killed Natasha
  1777 | D:3      | Reached XP level 5. HP: 42/42 MP: 5/5
  2259 | D:4      | Noticed a phantom
  2263 | D:4      | Found a hide-covered altar of Uskayaw.
  2272 | D:4      | Killed a phantom
  2280 | D:4      | Noticed Dowan
  2281 | D:4      | Noticed Duvessa
  2297 | D:4      | Killed Duvessa
  2298 | D:4      | Reached XP level 6. HP: 36/50 MP: 6/6
  2302 | D:4      | Killed Dowan
  2303 | D:4      | Reached skill level 5 in Fighting
  2343 | D:4      | Found a sand-covered staircase.
  2368 | Ossuary  | Entered an ossuary
  3031 | Ossuary  | Reached XP level 7. HP: 49/57 MP: 7/7
  3385 | D:4      | Found a burning altar of Makhleb.
  3835 | D:5      | Entered Level 5 of the Dungeon
  3852 | D:5      | Reached skill level 1 in Throwing
  3865 | D:5      | Found Sar Aqig's Armour Boutique.
  3871 | D:5      | Reached skill level 6 in Fighting
  3897 | D:5      | Bought the +0 pair of gloves of Contentment {+Blink rPois
                  | rF+ Str+6} for 507 gold pieces
  4013 | D:5      | Identified the ring of Wonder {rPois rN+ Will+ Stlth+}
  4097 | D:5      | Found a glowing drain.
  4112 | Sewer    | Entered a sewer
  4753 | D:5      | Reached skill level 5 in Axes
  4753 | D:5      | Reached XP level 8. HP: 60/65 MP: 8/8
  4788 | D:5      | Reached skill level 1 in Evocations
  4936 | D:5      | Found an ancient bone altar of Kikubaaqudgha.
  5000 | D:6      | Noticed Blork the orc
  5016 | D:6      | Killed Blork the orc
  5185 | D:6      | Identified the +0 robe of the Pits of Slime {-Tele Fly
                  | Int+9 Stlth-}
  6045 | D:6      | Found a staircase to the Ecumenical Temple.
  6782 | D:6      | Reached skill level 7 in Fighting
  7321 | D:7      | Reached XP level 9. HP: 48/72 MP: 9/9
  7477 | D:7      | Found an iron altar of Okawaru.
  7866 | D:8      | Identified the +7 trident of Iconoclasm {flame, MP-9 Dex+6}
  7919 | D:8      | Got Kunkuity's Papyrus of Weightlessness and Darkness
  8113 | D:8      | Reached skill level 5 in Armour
  8143 | D:8      | Reached skill level 8 in Fighting
  8703 | D:9      | Found a radiant altar of Vehumet.
  8710 | D:9      | Found an ornate altar of the Wu Jian Council.
  8713 | D:9      | Found a bloodstained altar of Trog.
  8713 | D:9      | Found a snail-covered altar of Cheibriados.
  8732 | D:9      | Found a basalt altar of Yredelemnul.
  8858 | D:9      | Found a staircase to the Lair.
  8958 | D:9      | Reached XP level 10. HP: 80/80 MP: 10/10
  9025 | D:9      | Reached skill level 5 in Shields
 10079 | D:10     | Entered Level 10 of the Dungeon
 10317 | D:10     | Noticed a gargoyle
 10324 | D:10     | Killed a gargoyle
 10364 | D:10     | HP: 4/82 [something (26)]
 10933 | D:11     | Noticed a gargoyle
 10968 | D:11     | Killed a gargoyle
 11280 | D:11     | Noticed a white ugly thing
 11300 | D:11     | Killed a white ugly thing
 11301 | D:11     | Reached XP level 11. HP: 42/87 MP: 11/11
 11561 | D:11     | Noticed a two-headed ogre
 11580 | D:11     | Killed a two-headed ogre
 11942 | D:10     | Noticed a two-headed ogre
 11957 | D:10     | Killed a two-headed ogre
 12803 | D:12     | Noticed a skeletal warrior
 12846 | D:11     | Reached skill level 9 in Fighting
 13202 | D:12     | Noticed an eight-headed hydra
 13295 | D:12     | HP: 4/89 [vampire mosquito (7)]
 13487 | D:11     | Killed a skeletal warrior
 13744 | D:12     | Noticed a death knight
 13784 | D:11     | Killed a one-headed hydra
 14902 | D:12     | Found a staircase to the Orcish Mines.
 15107 | D:11     | Slain by a death knight

Illustrated notes

Levels and vault maps discovered:
D:1:      zaba_arrival_water, layout_basic, serial_shops, nicolae_shop_trees,
          chequers_ecumenical_altar_simple
D:2:      layout_basic, basic_altar, minmay_divided_ellipse
D:3:      layout_rooms, corexii_shack, uniq_natasha
D:4:      cheibrodos_greedy_goblins, layout_loops_corners,
          mainiacjoe_overflow_alcove_4, eat_drink_and_be_merry_uskayaw,
          nicolae_ossuary_entry_monument, uniq_duvessa
D:5:      layout_cave_pools, kiku_gazebo_garden_becter, serial_shops, shop,
          portal_sewer_entry_d, minmay_misc_feat_roman
D:6:      minmay_goblin_kobold_castle, layout_basic,
          minmay_temple_entry_water_ring, nicolae_water_bricks,
          minmay_misc_feat_rugged, uniq_blork_the_orc
D:7:      layout_basic, okawaru_gym_becter
D:8:      layout_loops_ring, chequers_serial_rivers_room_b
D:9:      layout_irregular_city, nicolae_overflow_hallway_of_the_gods,
          erik_lair_island
D:10:     layout_rooms
D:11:     layout_roguey
D:12:     layout_cave_pools, erik_orc_2, slow_altar_1, uniq_psyche

Skill      XL: |  1  2  3  4  5  6  7  8  9 10 11 |
---------------+----------------------------------+-----
Axes           | 2 3 4 5 6 |  6.4
Dodging        | 1 2 3 |  3.0
Fighting       | 4 5 6 7 8 9 |  9.2
Throwing       | 1 2 |  2.0
Evocations     | 2 3 4 |  4.9
Shields        | 3 4 7 8 |  8.3
Armour         | 3 5 7 8 |  8.4

Action                   |  1- 3 |  4- 6 |  7- 9 | 10-12 || total
-------------------------+-------+-------+-------+-------++-------
Melee: War axe           |   104 |   170 |       |    13 ||   287
       Hand axe          |       |       |   597 |   488 ||  1085
       Long sword        |       |       |       |    10 ||    10
Throw: Dart              |       |       |    11 |    48 ||    59
       Boomerang         |       |       |       |    64 ||    64
 Abil: Evoke Blink       |       |       |       |     8 ||     8
Evoke: Wand              |       |       |     1 |     2 ||     3
  Use: Scroll            |       |     8 |     6 |     1 ||    15
 Stab: Distracted        |       |     1 |     5 |     3 ||     9
Armor: Scale mail        |    55 |       |       |       ||    55
       Chain mail        |       |    65 |   283 |   286 ||   634
       Plate armour      |       |       |     6 |       ||     6
Dodge: Dodged            |    54 |    53 |   203 |   105 ||   415
Block: Buckler           |    27 |    25 |    69 |       ||   121
       Tower shield      |       |       |   129 |   540 ||   669

Table legend: (Time is in decaauts)
 A = Elapsed time spent in this place.
 B = Non-inter-level travel time spent in this place.
 C = Inter-level travel time spent in this place.
 D = Time resting spent in this place.
 E = Time spent auto-exploring this place.
 F = Levels seen in this place.
 G = Mean time per level.
                   A        B        C        D        E       F      G
               +--------+--------+--------+--------+--------+-----+--------+
         Total |  15692 |  15429 |    263 |   4873 |   6500 |  14 | 1120.9 |
       Dungeon |  14116 |  13853 |    263 |   4343 |   5841 |  12 | 1176.3 |
         Sewer |    753 |    753 |      0 |      0 |    540 |   1 |  753.0 |
       Ossuary |    823 |    823 |      0 |    530 |    118 |   1 |  823.0 |
               +--------+--------+--------+--------+--------+-----+--------+

Top non-repeatable levels by time:
    D:11: 3605 daAuts
     D:6: 1772 daAuts
     D:9: 1468 daAuts
     D:5: 1122 daAuts
    D:10: 985 daAuts
     D:4: 939 daAuts
     D:8: 898 daAuts
     D:1: 877 daAuts
     D:2: 824 daAuts
 Ossuary: 823 daAuts
   Sewer: 753 daAuts
    D:12: 631 daAuts
     D:7: 500 daAuts
     D:3: 491 daAuts
